 Dungeon Crawl Stone Soup version 0.24-a0-373-g39439d866b (webtiles) character file.

Game seed: 5500419375738259011

346633 vurker the Hoplite (level 22, -10/215 HPs)
             Began as a Hill Orc Fighter on May 27, 2019.
             Was the Champion of Yredelemnul.
             Splashed by a lich's acid (13 damage)
             ... on level 4 of the Abyss on May 30, 2019.
             The game lasted 03:21:16 (53052 turns).

vurker the Hoplite (Hill Orc Fighter)              Turns: 53052, Time: 03:21:17

Health: -10/215    AC: 31    Str: 29 (30) XL:     22   Next: 12%
Magic:  31/31      EV: 24    Int:  4      God:    Yredelemnul [******]
Gold:   1498       SH: 25    Dex: 21      Spells: 21/21 levels left

rFire    + . .     SeeInvis .   J - +4 broad axe
rCold    + . .     Gourm    .   I - +0 large shield
rNeg     . . .     Faith    .   q - +3 gold dragon scales
rPois    +         Spirit   .   B - +2 hat
rElec    .         Reflect  .   U - +2 cloak {+Inv}
rCorr    .         Harm     .   b - +1 pair of gloves
MR       ++...     Rnd*Rage +   L - +1 pair of boots Stlth ..........Rnd*Tele +
                                m - amulet of Todeaxt {Acrobat Str-3 Dex+10 Slay+3 Stlth-}
HPRegen  0.00/turn              P - +5 ring of strength
MPRegen  0.22/turn              l - ring of protection from magic

@: corroded, acrobat, lightly drained
A: [berserk 1], [blurry vision 1], [deterioration 2], [dopey 2], low mp 1,
[inhibited regeneration], [teleportitis 1]
}: 2/15 runes: decaying, serpentine
a: Recall Undead Slaves, Injury Mirror, Animate Dead, Drain Life, Enslave Soul,
Renounce Religion, Evoke Invisibility


You were on level 4 of the Abyss.
You worshipped Yredelemnul.
Yredelemnul was exalted by your worship.
You were not hungry.

You visited 8 branches of the dungeon, and saw 41 of its levels.
You visited the Abyss 3 times.
You visited 1 bazaar.
You also visited: Sewer and Ossuary.

You collected 4138 gold pieces.
You spent 2640 gold pieces at shops.

Inventory:

Hand Weapons
 J - a +4 broad axe (weapon)
   (You took it off Urug on level 6 of the Lair of Beasts)
Missiles
 C - 4 throwing nets (quivered) {!f}
Armour
 b - a +1 pair of gloves (worn)
   (You found it on level 2 of the Snake Pit)
 q - +3 gold dragon scales (worn)
   (You bought it in a shop on level 2 of the Orcish Mines)
 B - a +2 hat (worn)
   (You took it off Gastronok on level 3 of the Lair of Beasts)
 I - a +0 large shield (worn)
   (You took it off a naga warrior on level 4 of the Snake Pit)
 L - a +1 pair of boots (worn)
   (You found it on level 15 of the Dungeon)
 R - a +2 shield of reflection
   (You took it off a tengu warrior on level 5 of the Depths)
 U - a +2 cloak of invisibility (worn)
   (You took it off Nikola on level 2 of the Vaults)
Jewellery
 l - a ring of protection from magic (right hand)
   (You found it on level 6 of the Lair of Beasts)
 m - the amulet of Todeaxt (around neck) {Acrobat Str-3 Dex+10 Slay+3 Stlth-}
   (You found it on level 3 of the Vaults)

   [amulet of the acrobat]

   It helps you evade while moving and waiting.
   It affects your strength (-3).
   It affects your dexterity (+10).
   It affects your accuracy and damage with ranged weapons and melee attacks
   (+3).
   It makes you less stealthy.
 P - a +5 ring of strength (left hand)
   (You found it on level 3 of the Swamp)
 Q - an uncursed amulet of the gourmand
   (You found it on level 2 of the Swamp)
Wands
 c - a wand of disintegration (8)
   (You took it off a boggart on level 1 of the Vaults)
 d - a wand of iceblast (32)
   (You found it on level 3 of the Swamp)
 j - a wand of enslavement (39)
   (You found it on level 4 of the Dungeon)
 t - a wand of flame (76)
   (You found it on level 5 of the Dungeon)
 u - a wand of paralysis (12)
   (You found it on level 11 of the Dungeon)
 x - a wand of acid (17)
   (You found it on level 3 of the Snake Pit)
 z - a wand of polymorph (7)
   (You found it on level 3 of the Dungeon)
 F - a wand of scattershot (3)
   (You found it on level 1 of the Vaults)
 G - a wand of clouds (3)
   (You found it on level 3 of the Lair of Beasts)
Scrolls
 g - 4 scrolls of fog
 k - 11 scrolls of teleportation {@r4}
 n - 3 scrolls of fear
 o - 5 scrolls of magic mapping
 p - 8 scrolls of immolation {!r}
 v - 21 scrolls of remove curse {@r2}
 y - a scroll of enchant weapon
 K - a scroll of blinking
 N - 8 scrolls of identify {@r1}
 O - 2 scrolls of summoning
 S - a scroll of vulnerability {!r}
Potions
 a - 7 potions of agility
 f - 2 potions of invisibility
 h - 6 potions of curing {@q1}
 i - 2 potions of lignification {!q}
 r - 3 potions of haste {@q3}
 s - 2 potions of cancellation
 w - 6 potions of flight
 A - 3 potions of brilliance
 D - 6 potions of might
 E - 3 potions of mutation {!q}
 H - 4 potions of ambrosia
 T - 3 potions of berserk rage
Comestibles
 e - 34 rations {!d}


   Skills:
 + Level 21.9(21.4) Fighting
 - Level 18.0(17.5) Axes
 + Level 16.9(16.5) Armour
 - Level 5.0(4.6) Dodging
 * Level 22.0(21.5) Shields
 - Level 18.0(17.5) Invocations


You had 21 spell levels left.
You didn't know any spells.
Your spell library contained the following spells:

 Spells                   Type           Power        Failure   Level  Hunger
 Animate Skeleton         Necr           N/A          100%        1    ##.....
 Apportation              Tloc           #.....       100%        1    ##.....
 Confusing Touch          Hex            #.....       100%        1    ##.....
 Flame Tongue             Conj/Fire      #....        100%        1    ##.....
 Magic Dart               Conj           #...         100%        1    ##.....
 Shock                    Conj/Air       #...         100%        1    ##.....
 Summon Butterflies       Summ           #.......     100%        1    ##.....
 Summon Small Mammal      Summ           #...         100%        1    ##.....
 Blink                    Tloc           N/A          100%        2    ###....
 Call Imp                 Summ           #.......     100%        2    ###....
 Slow                     Hex            #.......     100%        2    ###....
 Swiftness                Chrm/Air       #.......     100%        2    ###....
 Throw Flame              Conj/Fire      #.....       100%        2    ###....
 Conjure Flame            Conj/Fire      #.......     100%        3    ####...
 Inner Flame              Hex/Fire       #.......     100%        3    ####...
 Lesser Beckoning         Tloc           #.........   100%        3    ####...
 Mephitic Cloud           Conj/Pois/Air  #.......     100%        3    ####...
 Recall                   Summ/Tloc      N/A          100%        3    ####...
 Static Discharge         Conj/Air       #.......     100%        3    ####...
 Tukima's Dance           Hex            #.......     100%        3    ####...
 Airstrike                Air            #.........   100%        4    #####..
 Animate Dead             Necr           N/A          100%        4    #####..
 Ice Form                 Ice/Tmut       #.......     100%        4    #####..
 Sticky Flame             Conj/Fire      #.......     100%        4    #####..
 Alistair's Intoxication  Tmut/Pois      #.......     100%        5    ######.
 Aura of Abjuration       Summ           #.........   100%        5    ######.
 Bolt of Magma            Conj/Fire/Erth #.........   100%        5    ######.
 Borgnjor's Vile Clutch   Necr/Erth      #.........   100%        5    ######.
 Fireball                 Conj/Fire      #.........   100%        5    ######.
 Iskenderun's Battlesphe  Conj/Chrm      #.......     100%        5    ######.
 Lightning Bolt           Conj/Air       #.........   100%        5    ######.
 Metabolic Englaciation   Hex/Ice        #.........   100%        5    ######.
 Summon Demon             Summ           #.........   100%        5    ######.
 Summon Forest            Summ/Tloc      #.........   100%        5    ######.
 Summon Mana Viper        Hex/Summ       #.......     100%        5    ######.
 Venom Bolt               Conj/Pois      #.........   100%        5    ######.
 Bolt of Cold             Conj/Ice       #.........   100%        6    #######
 Death Channel            Necr           #.........   100%        6    #######
 Freezing Cloud           Conj/Ice/Air   #.........   100%        6    #######
 Invisibility             Hex            #.......     100%        6    #######
 Iron Shot                Conj/Erth      #.........   100%        6    #######
 Ozocubu's Refrigeration  Ice            #.........   100%        6    #######
 Shadow Creatures         Summ           N/A          100%        6    #######
 Simulacrum               Ice/Necr       #.........   100%        6    #######
 Orb of Destruction       Conj           #.........   100%        7    #######
 Spellforged Servitor     Conj/Summ      #.........   100%        7    #######


Dungeon Overview and Level Annotations

Branches:
Dungeon (15/15)            Temple (1/1) D:4            Lair (6/6) D:10
  Swamp (4/4) Lair:3        Snake (4/4) Lair:4        Slime (0/5) Lair:6
    Orc (2/2) D:9             Elf (0/3) Orc:2        Vaults (4/5) D:13
  Crypt (0/3) Vaults:3     Depths (5/5) D:15
    Zot: Depths:5

Altars:
Ashenzari
Cheibriados
Dithmenos
Elyvilon
Fedhas
Gozag
Hepliaklqana
Kikubaaqudgha
Makhleb
Nemelex Xobeh
Okawaru
Qazlal
Ru
Sif Muna
Trog
Uskayaw
Vehumet
Wu Jian
Xom
Yredelemnul
Zin
The Shining One
Beogh

Shops:
D:4 }=?*   D:10 *   Orc:1 :   Orc:2 *[(=(   Snake:1 :   Vaults:1 [*[(
Vaults:2 (   Vaults:4 *   Depths:2 }==

Portals:
Hell: Depths:1 Depths:2 Depths:3
Abyss: Depths:1 Depths:2 Depths:3 Depths:5
Pandemonium: Depths:3
Ziggurat: Depths:4
Bazaar: Depths:2

Annotations:
D:5 3 runed translucent doors, PeterLawrence's ghost, novice MiFi; Yorgos's ghost, amateur SpSk; aaksess's ghost, novice TeVM; vurker's ghost, amateur HOFi
D:7 1 runed translucent door, Crazy Yiuf
D:10 1 runed translucent door
Snake:3 exclusion: 2 ice statues
Vaults:1 3 runed translucent doors, mhoghedin's ghost, adept DrWn
Depths:1 2 runed translucent doors, Hyticse's ghost, veteran OpCK


Innate Abilities, Weirdness & Mutations

Your magical capacity is low. (-10% MP)
[You tend to lose your temper in combat.]
[Scrolls take you a little longer to read.]
[Your body often deteriorates upon taking damage.]
[You are very dopey. (Int -4)]
[You do not regenerate when monsters are visible.]
[You are occasionally teleported next to monsters.]


Message History

You hit the lich. You slash the lich!
The lich touches you but does no damage.
You barely miss the lich. You block the lich's attack.
You slash the lich! The lich touches you!
You feel drained.
You closely miss the lich.
The lich gestures at you while chanting.
You easily resist.
You hit the lich but do no damage. You slice the lich!!
The lich gestures at you while chanting.
The crystal spear hits you!!!
* * * LOW HITPOINT WARNING * * *
Your body deteriorates!
You feel weakened.
Okay, then.
Nothing appears to have answered your call.
You block the lich's attack.
You are too injured to fight recklessly!
You are too injured to fight recklessly!
You are too injured to fight recklessly!
You slash the lich!
The lich touches you but does no damage.
You hit the lich.
The lich gestures at you while chanting.
The bolt of acid hits you.
* * * LOW HITPOINT WARNING * * *
You are splashed with acid!
* * * LOW HITPOINT WARNING * * *
The lich gestures at you while chanting.
The crystal spear misses you.
A large abomination comes into view.
Found 24 sling bullets.
The lich gestures at you while chanting.
The bolt of acid hits you!!!
* * * LOW HITPOINT WARNING * * *
The acid corrodes you!
You are splashed with acid!
* * * LOW HITPOINT WARNING * * *
The lich mumbles some strange words.
The lich seems to speed up.
Found a box of beasts.
The lich gestures at you while chanting.
The bolt of acid misses you. The lich casts a spell at you.
You easily resist.
The lich gestures at you while chanting.
The bolt of acid hits you!!
* * * LOW HITPOINT WARNING * * *
You are splashed with acid!
You die...
Your body rises from the dead as a mindless zombie.

. .....#...##. .
..#...#... .#.
.#. .
..##.#...##.##.#.
###
###.(#.#.#.#..
####..#..#..#
#.}.#LX......
#.#.........# #
#.#...#.# #
..#.@.#...#
#...###.#..#..
### .# .... ##
#... ...


You could see a lich and a large abomination.

Vanquished Creatures
  A juggernaut (Depths:5)
  A caustic shrike (Depths:3)
  A lich (Depths:3)
  3 tentacled monstrosities
  Jorgrun (D:9)
  Gastronok (Lair:3)
  A shadow dragon (Depths:4)
  A sphinx (Depths:5)
  A thorn hunter (Swamp:3)
  Donald (Snake:4)
  3 nagarajas (Snake:4)
  3 fire giants (Depths:3)
  2 orc warlords
  3 vault wardens
  2 deep elf sorcerers
  A frost giant (Depths:3)
  A deep elf elementalist (Depths:4)
  A ghoul (Vaults:4)
  3 spriggan defenders
  5 ironheart preservers
  8 very ugly things
  9 stone giants
  A deep elf demonologist (Vaults:1)
  A war gargoyle (Vaults:2)
  A deep elf death mage (Vaults:1)
  4 ettins
  A jiangshi (Vaults:3)
  5 yaktaur captains
  9 fire dragons
  4 vault guards
  4 naga warriors
  2 hydras
  6 ice dragons
  A rakshasa (Depths:3)
  Harold (Orc:1)
  2 catoblepae
  5 centaur warriors
  9 anacondas
  A spriggan air mage (Depths:5)
  3 alligators
  5 ogre magi
  3 deep troll shamans
  2 shambling mangroves
  3 tengu warriors
  3 dancing weapons (Depths:4)
  5 shock serpents
  6 thrashing horrors (Abyss:4)
  12 two-headed ogres
  4 naga sharpshooters
  Urug (Lair:6)
  2 orc high priests (Orc:2)
  2 deep troll earth magi (Depths:3)
  4 death yaks
  A fire crab (shapeshifter) (Depths:2)
  A salamander mystic (Snake:3)
  2 skeletal warriors (D:15)
  2 wretched stars (Abyss:4)
  An iron troll (Depths:3)
  2 unseen horrors
  A flayed ghost (Depths:4)
  A glowing orange brain (Vaults:4)
  9 deep trolls
  A wizard (Vaults:1)
  An orange crystal statue (Depths:4)
  A deep elf archer (Vaults:4)
  5 ironbrand convokers
  A shadow dragon zombie (D:15)
  A tengu zombie (D:15)
  5 naga ritualists
  6 harpies
  A wolf spider (Vaults:4)
  2 phantasmal warriors (Depths:5)
  4 deep elf magi
  A lindwurm (Swamp:4)
  8 orc knights
  2 cyclopes
  2 orc sorcerers
  An orb spider (shapeshifter) (Vaults:1)
  5 mana vipers
  4 salamanders
  6 ugly things
  A worldbinder (Abyss:4)
  5 vault sentinels
  4 elephants
  40 black mambas
  8 naga magi
  2 guardian serpents
  A guardian serpent (shapeshifter) (Vaults:2)
  A spiny frog (shapeshifter) (Vaults:1)
  An eye of devastation (Lair:6)
  13 spiny frogs
  3 komodo dragons
  A komodo dragon (shapeshifter) (Depths:2)
  2 kobold demonologists
  2 rime drakes
  26 yaktaurs
  A freezing wraith (Vaults:3)
  An ancient zyme (Abyss:4)
  A meliai (Abyss:4)
  3 trolls
  A polar bear (Lair:6)
  A bog body (Swamp:4)
  A raiju (Depths:4)
  2 blink frogs (shapeshifter)
  A hornet (shapeshifter) (Depths:3)
  7 hornets
  12 blink frogs
  19 slime creatures
  6 dream sheep (Lair:6)
  A harpy skeleton (D:13)
  A spriggan zombie (Depths:2)
  A fire giant simulacrum (Depths:2)
  4 hippogriffs
  A flying skull (Vaults:3)
  A vampire (Depths:1)
  A ynoxinul (Abyss:4)
  5 wraiths
  4 spriggans
  4 shadows
  2 water elementals
  14 yaks
  4 starcursed masses (Abyss:4)
  A golden eye (shapeshifter) (D:9)
  2 basilisks
  2 large abominations (Abyss:4)
  A neqoxec (Abyss:4)
  2 vampire mosquitoes (D:11)
  2 chaos spawn
  34 nagas
  4 swamp worms
  3 wargs
  7 insubstantial wisps
  8 hell hounds
  8 water moccasins
  8 porcupines
  A soldier ant (shapeshifter) (Depths:5)
  3 swamp drakes
  7 ice beasts
  49 orc warriors
  Purgy (Sewer)
  A black bear (D:10)
  5 sky beasts
  A phantom (D:5)
  A small abomination (Abyss:4)
  4 eyes of draining
  22 ogres
  3 boggarts
  9 centaurs
  15 wolves
  11 crocodiles
  2 elf zombies
  A gnoll sergeant (D:13)
  17 bullfrogs
  An earth elemental (Abyss:4)
  An elf skeleton (D:6)
  A scorpion (D:9)
  2 killer bees (Abyss:4)
  5 wights
  4 howler monkeys
  3 centaur zombies
  2 crimson imps
  4 bullfrog zombies
  A lava snake (Swamp:4)
  A human simulacrum (Vaults:3)
  4 jellies
  A quasit (D:7)
  3 human zombies
  7 hounds
  22 orc wizards
  3 bullfrog skeletons
  A centaur skeleton (D:5)
  26 orc priests
  2 gnoll shamans
  A human skeleton (D:6)
  4 iguanas
  10 worker ants
  A killer bee zombie (D:5)
  2 mummies (Ossuary)
  2 worker ant zombies (D:8)
  18 gnolls
  12 adders
  A river rat (D:3)
  2 shadow imps
  21 oozes
  4 adder zombies
  8 worms
  A dart slug (D:2)
  4 leopard geckos
  126 orcs
  5 giant cockroaches
  9 hobgoblins
  8 jackals
  11 kobolds
  6 quokkas
  A ball python (D:3)
  14 bats
  3 frilled lizards
  5 goblins
  A goblin zombie (Ossuary)
  6 hobgoblin zombies (Ossuary)
  A jackal zombie (Ossuary)
  13 kobold zombies (Ossuary)
  An orc skeleton (D:6)
  10 orc zombies
  14 rats
  7 briar patches
  7 fungi
  3 plants (Lair:6)
1122 creatures vanquished.

Vanquished Creatures (collateral kills)
  A juggernaut (Depths:2)
  Boris (twice) (Vaults:2 Depths:2)
  Saint Roka (Depths:1)
  Vashnia (Snake:3)
  A caustic shrike (Depths:3)
  the Enchantress (Depths:2)
  Nikola (Vaults:2)
  A profane servitor (Depths:2)
  A tengu reaver (Depths:1)
  3 sphinxes
  A thorn hunter (Swamp:4)
  A shadow dragon (Depths:4)
  A deep elf sorcerer (Depths:3)
  4 frost giants
  7 nagarajas (Snake:4)
  2 iron dragons (Depths:3)
  Aizul (Swamp:4)
  Louise (Swamp:4)
  6 vault wardens
  3 ironheart preservers
  The ghost of Qenoimudgh the Unseen, an adept FeMo of Yredelemnul (Vaults:2)
  7 stone giants
  2 spriggan defenders (Depths:2)
  10 very ugly things
  An entropy weaver (Vaults:4)
  Nessos (Lair:6)
  17 slime creatures
  A deep elf annihilator (Vaults:2)
  2 vampire knights
  2 deep elf death magi
  An eidolon (Depths:4)
  An ettin (Vaults:4)
  Erolcha (D:13)
  6 yaktaur captains
  5 vault guards
  7 fire dragons
  6 naga warriors
  2 great orbs of eyes
  2 rakshasas (Depths:2)
  6 ice dragons
  A caustic shrike simulacrum (Depths:2)
  2 spriggan air magi (Depths:2)
  8 centaur warriors
  A ghost crab (Swamp:4)
  A death knight (Vaults:4)
  23 hydras
  19 anacondas
  3 deep troll shamans
  16 alligators
  14 two-headed ogres
  4 death yaks
  3 tengu warriors
  3 ogre magi
  2 deep troll earth magi (Depths:3)
  3 orc high priests (Orc:2)
  A vampire mage (Depths:3)
  A shock serpent (Snake:1)
  3 spriggan berserkers
  5 deep elf knights
  7 naga sharpshooters
  An iron troll (Depths:1)
  10 hell knights
  2 fire crabs (Swamp:4)
  2 unseen horrors
  4 naga ritualists
  13 deep trolls
  2 spriggan druids
  8 swamp dragons
  5 flayed ghosts
  5 wizards
  2 glowing orange brains (Vaults:2)
  9 deep elf magi
  5 deep elf archers
  2 phantasmal warriors (Depths:4)
  A wolf spider zombie (D:15)
  A large abomination (Vaults:1)
  A harpy (Vaults:2)
  6 orc knights
  A mana viper (shapeshifter) (D:13)
  5 ironbrand convokers
  7 necromancers
  A fire giant zombie (D:15)
  An oklob plant (D:12)
  A manticore (D:14)
  8 mana vipers
  2 wolf spiders
  A salamander (Snake:2)
  16 ugly things
  4 cyclopes
  4 orc sorcerers
  9 guardian serpents
  4 elephants
  6 vault sentinels
  A smoke demon (Depths:3)
  16 naga magi
  A torpor snail (Lair:4)
  22 black mambas
  9 spiny frogs
  A centaur skeleton (D:14)
  A hellion (Depths:3)
  A freezing wraith (Vaults:4)
  17 yaktaurs
  A spriggan skeleton (Depths:2)
  2 tengu conjurers (Depths:1)
  3 trolls
  3 meliai (D:13)
  6 hornets
  11 blink frogs
  3 raiju
  8 tyrant leeches
  5 bog bodies
  An ettin zombie (D:15)
  7 dream sheep (Lair:6)
  2 hippogriffs
  3 shadows
  17 yaks
  3 wraiths
  4 water elementals
  4 spriggans
  A chaos spawn (Depths:3)
  A human (shapeshifter) (D:13)
  A basilisk (D:13)
  3 steam dragons (Swamp:4)
  4 hungry ghosts
  3 vampire mosquitoes (Swamp:2)
  5 wargs
  2 acid dragons
  21 nagas
  13 insubstantial wisps
  A soldier ant (D:13)
  A swamp worm (Swamp:4)
  A human zombie (Depths:2)
  7 water moccasins
  2 porcupines (Lair:4)
  A floating eye (Depths:2)
  21 orc warriors
  2 porcupines (shapeshifter) (Vaults:1)
  6 swamp drakes (Swamp:4)
  A black bear (shapeshifter) (Depths:2)
  2 phantoms
  14 ogres
  An eye of draining (D:10)
  A black bear (D:11)
  5 wolves
  3 boggarts
  17 centaurs
  4 crocodiles
  2 bullfrogs
  A merfolk simulacrum (Depths:4)
  A wyvern skeleton (D:14)
  3 wights (D:15)
  A howler monkey (D:10)
  4 crimson imps
  2 bullfrog zombies
  A hound (D:10)
  A jelly (D:11)
  5 orc priests
  2 iguanas
  An iron imp (Depths:1)
  11 orc wizards
  3 worker ants
  A howler monkey skeleton (D:7)
  2 adders
  A gnoll (D:13)
  A leopard gecko (D:11)
  30 orcs
  2 bats (Orc:1)
  A goblin (D:9)
  A kobold (D:9)
  4 briar patches
  25 fungi
  17 plants
  3 withered plants (D:15)
812 creatures vanquished.

Vanquished Creatures (others)
  A profane servitor (Depths:2)
  3 bone dragons
  A caustic shrike zombie (Depths:3)
  7 ghouls
  6 vampire knights
  A spectral minotaur (Depths:3)
  A shadow wraith (Vaults:3)
  6 skeletal warriors
  7 flayed ghosts
  9 phantasmal warriors
  6 anaconda skeletons (Snake:4)
  A stone giant zombie (Depths:3)
  A sphinx skeleton (Depths:3)
  A frost giant zombie (Depths:3)
  A deep elf mage (Vaults:2)
  A centaur skeleton (Depths:2)
  A yaktaur (Vaults:2)
  A hydra zombie (Swamp:4)
  A minotaur skeleton (Lair:6)
  A ghoul skeleton (Swamp:4)
  A hydra skeleton (Swamp:4)
  A catoblepas skeleton (Lair:4)
  A slime creature (Vaults:2)
  An ettin zombie (Depths:5)
  4 guardian serpent zombies (Snake:4)
  15 black mamba zombies
  5 flying skulls
  10 vampires
  4 wraiths
  A black mamba skeleton (Lair:6)
  2 steam dragons (Swamp:4)
  A tengu zombie (Depths:5)
  4 spiny frog zombies
  A small abomination (Abyss:4)
  A swamp dragon zombie (Swamp:4)
  4 human zombies
  2 dream sheep zombies (Lair:6)
  A boggart (Depths:3)
  2 elephant skeletons (Lair:6)
  5 dream sheep skeletons (Lair:6)
  A hippogriff zombie (D:9)
  A rime drake zombie (Lair:3)
  8 orc skeletons
  A yaktaur zombie (Vaults:1)
  A komodo dragon zombie (Lair:1)
  A rime drake skeleton (Lair:6)
  4 naga skeletons (Snake:4)
  A salamander skeleton (Snake:4)
  2 hippogriff skeletons
  3 water moccasin zombies
  2 elf skeletons (Lair:6)
  A yak zombie (Lair:2)
  2 wights (Lair:4)
  3 wolf zombies
  4 yak skeletons
  A polar bear skeleton (Lair:6)
  2 centaur zombies
  3 wolf skeletons
  A bullfrog skeleton (Lair:1)
  3 human skeletons (Lair:6)
  A porcupine skeleton (Lair:4)
  2 crocodile zombies
  11 naga zombies
  A crocodile skeleton (Lair:6)
  3 hound zombies
  2 mummies
  A worker ant zombie (D:9)
  A steam dragon skeleton (Swamp:4)
  A steam dragon zombie (Swamp:4)
  A swamp drake skeleton (Swamp:4)
  An adder zombie (D:8)
  An iguana skeleton (Lair:3)
  2 orcs
  14 orc zombies
  A briar patch (Swamp:4)
  7 fungi
  9 plants
  A starspawn tentacle (Abyss:4)
  2 withered plants (D:5)
230 creatures vanquished.

Grand Total: 2164 creatures vanquished

Notes
Turn   | Place    | Note
-------+----------+-------------------------------------------
     0 | D:1      | vurker the Hill Orc Fighter began the quest for the Orb.
     0 | D:1      | Reached XP level 1. HP: 19/19 MP: 1/1
   143 | D:1      | Reached XP level 2. HP: 19/27 MP: 2/2
   687 | D:2      | Reached XP level 3. HP: 31/33 MP: 3/3
  1054 | D:2      | Noticed an ogre
  1342 | D:3      | Reached XP level 4. HP: 38/40 MP: 4/4
  1360 | D:3      | Found a glowing drain.
  1369 | Sewer    | Entered a sewer
  1562 | Sewer    | Noticed Purgy
  1595 | Sewer    | Killed Purgy
  1595 | Sewer    | Reached skill level 5 in Axes
  1595 | Sewer    | Reached XP level 5. HP: 30/47 MP: 5/5
  2194 | D:3      | Reached XP level 6. HP: 53/55 MP: 6/6
  2359 | D:3      | Reached skill level 5 in Fighting
  3430 | D:4      | Found Omihunigi's Gadget Boutique.
  3468 | D:4      | Found Uczouhin's Magic Scroll Boutique.
  3470 | D:4      | Reached skill level 5 in Armour
  3500 | D:4      | Found Ysymet's Assorted Antiques.
  3512 | D:4      | Reached XP level 7. HP: 34/61 MP: 7/7
  3729 | D:4      | Found a staircase to the Ecumenical Temple.
  3735 | Temple   | Entered the Ecumenical Temple
  3766 | Temple   | Became a worshipper of Yredelemnul the Dark
  4410 | D:4      | Found Omihunigi's Gadget Boutique.
  4415 | D:4      | Found Ytwedeki's Jewellery Shoppe.
  4734 | D:4      | Found Ysymet's Assorted Antiques.
  4758 | D:4      | Found Uczouhin's Magic Scroll Boutique.
  4882 | D:5      | Entered Level 5 of the Dungeon
  5493 | D:5      | Reached XP level 8. HP: 63/71 MP: 8/8
  5643 | D:5      | Found a runed translucent gate.
  5643 | D:5      | Found a runed translucent gate.
  5643 | D:5      | Found a runed translucent gate.
  5643 | D:5      | Noticed aaksess's ghost (novice TeVM)
  5643 | D:5      | Noticed Yorgos's ghost (amateur SpSk)
  5643 | D:5      | Noticed vurker's ghost (amateur HOFi)
  5643 | D:5      | Noticed PeterLawrence's ghost (novice MiFi)
  6399 | D:6      | Found a stormy altar of Qazlal.
  6556 | D:6      | Reached skill level 10 in Axes
  6718 | D:6      | Found a sand-covered staircase.
  6755 | Ossuary  | Entered an ossuary
  6848 | Ossuary  | Reached * piety under Yredelemnul
  7066 | Ossuary  | Reached ** piety under Yredelemnul
  7420 | D:6      | Reached skill level 1 in Invocations
  7580 | D:6      | Reached XP level 9. HP: 74/81 MP: 8/10
  8569 | D:7      | Found a blossoming altar of Fedhas.
  9752 | D:7      | Found a runed translucent door.
  9753 | D:7      | Noticed Crazy Yiuf
 10294 | D:8      | Reached skill level 5 in Invocations
 10315 | D:8      | Reached *** piety under Yredelemnul
 10585 | D:8      | Noticed a two-headed ogre
 10774 | D:8      | Reached XP level 10. HP: 91/91 MP: 12/14
 10788 | D:8      | Found the +5 scythe "Finisher" {speed, eviscerate}
 11607 | D:9      | Found a staircase to the Orcish Mines.
 11654 | D:9      | Noticed a two-headed ogre
 11655 | D:9      | Noticed a sea snake
 11655 | D:9      | a two-headed ogre changed into a sea snake
 11658 | D:9      | Noticed a glowing shapeshifter
 11658 | D:9      | a sea snake changed into a glowing shapeshifter
 11659 | D:9      | Noticed a manticore
 11659 | D:9      | a glowing shapeshifter changed into a manticore
 11663 | D:9      | a manticore changed into a wind drake
 11789 | D:9      | Found a bloodstained altar of Trog.
 12054 | D:9      | Killed a two-headed ogre
 12054 | D:9      | Reached skill level 10 in Fighting
 12161 | D:8      | Received a gift from Yredelemnul (a mummy)
 12974 | D:10     | Entered Level 10 of the Dungeon
 13073 | D:10     | Killed an unseen horror
 13169 | D:10     | Reached skill level 15 in Axes
 13223 | D:10     | Found Likoulon's Assorted Antiques.
 13238 | D:10     | Reached XP level 11. HP: 101/101 MP: 15/17
 13319 | D:10     | Found a runed translucent door.
 13319 | D:10     | Found a glowing silver altar of Zin.
 13319 | D:10     | Noticed an angel
 13735 | D:10     | Found a staircase to the Lair.
 13891 | D:10     | Upgraded the game from 0.24-a0-365-ga4d96b6e6e to
                  | 0.24-a0-368-g0e0cebd0f3
 13892 | Lair:1   | Entered Level 1 of the Lair of Beasts
 13939 | Lair:1   | Reached **** piety under Yredelemnul
 14489 | Lair:1   | Noticed a four-headed hydra
 14503 | Lair:1   | Killed a four-headed hydra
 14504 | Lair:1   | Received a gift from Yredelemnul (a mummy)
 15844 | Lair:3   | Noticed a seven-headed hydra
 15893 | Lair:2   | Killed a seven-headed hydra
 16073 | Lair:3   | Noticed Gastronok
 16090 | Lair:3   | Reached skill level 10 in Invocations
 16334 | Lair:3   | Found a staircase to the Swamp.
 16348 | Lair:3   | Reached XP level 12. HP: 77/112 MP: 19/19
 16456 | Lair:3   | Killed Gastronok
 16456 | Lair:3   | Received a gift from Yredelemnul (a wight)
 17376 | Lair:4   | Noticed a catoblepas
 17843 | Lair:4   | Received a gift from Yredelemnul (a wight)
 17898 | Lair:4   | Killed a catoblepas
 18231 | Lair:4   | Noticed a death yak
 18232 | Lair:4   | Noticed a death yak
 18232 | Lair:4   | Noticed a death yak
 18233 | Lair:4   | Noticed a death yak
 18243 | Lair:4   | Killed a death yak
 18252 | Lair:4   | Killed a death yak
 18255 | Lair:4   | Killed a death yak
 18261 | Lair:4   | Killed a death yak
 18341 | Lair:4   | Found a staircase to the Snake Pit.
 18479 | Lair:4   | Reached XP level 13. HP: 122/122 MP: 22/22
 18901 | Lair:5   | Received a gift from Yredelemnul (5 flying skulls)
 19480 | Lair:5   | Found the +8 whip "Snakebite" {curare, rPois}
 19670 | Lair:6   | Entered Level 6 of the Lair of Beasts
 19718 | Lair:6   | Noticed Nessos
 19750 | Lair:6   | Killed Nessos
 20254 | Lair:6   | Reached ***** piety under Yredelemnul
 20290 | Lair:6   | Found a staircase to the Slime Pits.
 20516 | Lair:6   | Reached skill level 15 in Fighting
 20900 | Lair:6   | Noticed Urug
 20913 | Lair:6   | Killed Urug
 21203 | Lair:6   | Reached skill level 4 in Shields
 21214 | Lair:6   | Received a gift from Yredelemnul (a wraith)
 21228 | Lair:6   | Your ally Urug died
 21477 | Lair:6   | Reached skill level 5 in Shields
 21496 | Lair:6   | Reached XP level 14. HP: 122/135 MP: 25/25
 21923 | Lair:6   | Reached skill level 15 in Invocations
 21931 | Lair:6   | Received a gift from Yredelemnul (a wraith)
 22467 | Orc:1    | Entered Level 1 of the Orcish Mines
 22475 | Orc:1    | Noticed Jorgrun
 22486 | Orc:1    | Noticed an orc warlord
 22645 | D:9      | Killed Jorgrun
 22645 | D:9      | Reached skill level 6 in Shields
 22953 | D:9      | Killed an orc warlord
 22953 | D:9      | Received a gift from Yredelemnul (a vampire)
 23738 | Orc:1    | Found Bisuigh's Book Shoppe.
 23755 | Orc:1    | Received a gift from Yredelemnul (a wraith)
 23802 | Orc:1    | Found a roughly hewn altar of Beogh.
 24028 | Orc:2    | Entered Level 2 of the Orcish Mines
 24252 | Orc:2    | Received a gift from Yredelemnul (a phantasmal warrior)
 24259 | Orc:1    | Noticed Harold
 24268 | Orc:1    | Killed Harold
 24268 | Orc:1    | Reached skill level 7 in Shields
 24501 | Orc:2    | Found a roughly hewn altar of Beogh.
 24554 | Orc:2    | Found a staircase to the Elven Halls.
 24696 | Orc:2    | Found Dougiazi's Weapon Shop.
 24804 | Orc:2    | Received a gift from Yredelemnul (a phantasmal warrior)
 24912 | Orc:2    | Found a roughly hewn altar of Beogh.
 24913 | Orc:2    | Found Dej Cuxkaon's General Store.
 24999 | Orc:2    | Found a roughly hewn altar of Beogh.
 25001 | Orc:2    | Received a gift from Yredelemnul (a wraith)
 25004 | Orc:2    | Found Fiumn's Jewellery Emporium.
 25100 | Orc:2    | Received a gift from Yredelemnul (a phantasmal warrior)
 25102 | Orc:2    | Noticed an orc warlord
 25116 | Orc:2    | Killed an orc warlord
 25125 | Orc:2    | Reached skill level 8 in Shields
 25129 | Orc:2    | Found Ykakesoh's Antique Armour Boutique.
 25136 | Orc:2    | Found a roughly hewn altar of Beogh.
 25140 | Orc:2    | Found Potrec's Antique Weapon Shop.
 25196 | Orc:2    | Received a gift from Yredelemnul (a phantasmal warrior)
 25405 | Snake:1  | Entered Level 1 of the Snake Pit
 25628 | Snake:1  | Cast into level 1 of the Abyss (naga mage)
 25660 | Snake:1  | Escaped the Abyss
 25722 | Snake:1  | Reached skill level 9 in Shields
 25781 | Snake:1  | Received a gift from Yredelemnul (a ghoul)
 25952 | Snake:1  | Reached XP level 15. HP: 95/144 MP: 26/26
 26174 | Snake:1  | Found Efuumip's Book Emporium.
 26555 | Snake:2  | Received a gift from Yredelemnul (a ghoul)
 26601 | Snake:2  | Reached skill level 10 in Shields
 26654 | Snake:2  | Received a gift from Yredelemnul (a vampire)
 27174 | Snake:2  | Found an ancient bone altar of Kikubaaqudgha.
 27480 | Snake:3  | Reached ****** piety under Yredelemnul
 27993 | Snake:3  | Reached skill level 11 in Shields
 28000 | Snake:3  | Got an ivory great sword
 28038 | Snake:3  | Got a crystal mace
 28108 | Snake:3  | Found a frozen archway.
 28422 | Snake:3  | Noticed Vashnia
 28435 | Snake:3  | Killed Vashnia
 28856 | Snake:3  | Received a gift from Yredelemnul (a skeletal warrior)
 29003 | Snake:4  | Entered Level 4 of the Snake Pit
 29071 | Snake:4  | Noticed a nagaraja
 29080 | Snake:4  | Killed a nagaraja
 29156 | Snake:4  | Noticed a nagaraja
 29180 | Snake:4  | Killed a nagaraja
 29181 | Snake:4  | Noticed a nagaraja
 29181 | Snake:4  | Noticed a nagaraja
 29182 | Snake:4  | Noticed a nagaraja
 29182 | Snake:4  | Noticed a nagaraja
 29183 | Snake:4  | Noticed a nagaraja
 29185 | Snake:4  | Reached XP level 16. HP: 49/155 MP: 19/28
 29185 | Snake:4  | Received a gift from Yredelemnul (a bone dragon)
 29189 | Snake:4  | Reached skill level 12 in Shields
 29409 | Snake:4  | Reached skill level 10 in Armour
 29419 | Snake:4  | Received a gift from Yredelemnul (a skeletal warrior)
 29958 | Snake:4  | Killed a nagaraja
 30477 | Snake:4  | Killed a nagaraja
 30509 | Snake:4  | Noticed Donald
 30512 | Snake:4  | Identified the +9 arbalest of Vuddei {venom, rElec rF+}
 30520 | Snake:4  | Reached skill level 13 in Shields
 30525 | Snake:4  | Killed Donald
 30670 | Snake:4  | Noticed a nagaraja
 30679 | Snake:4  | Killed a nagaraja
 30679 | Snake:4  | Received a gift from Yredelemnul (a vampire knight)
 31117 | Snake:4  | Killed a nagaraja
 31117 | Snake:4  | Noticed a nagaraja
 31124 | Snake:4  | Killed a nagaraja
 31125 | Snake:4  | Killed a nagaraja
 31129 | Snake:4  | Killed a nagaraja
 31149 | Snake:4  | Noticed a nagaraja
 31156 | Snake:4  | Killed a nagaraja
 31461 | Snake:4  | Received a gift from Yredelemnul (a profane servitor)
 31496 | Snake:4  | Got a serpentine rune of Zot
 31714 | Swamp:1  | Entered Level 1 of the Swamp
 31806 | Swamp:1  | Reached XP level 17. HP: 140/163 MP: 29/29
 32016 | Swamp:1  | Reached skill level 14 in Shields
 32556 | Swamp:2  | Received a gift from Yredelemnul (a flayed ghost)
 32985 | Swamp:2  | Received a gift from Yredelemnul (a vampire knight)
 33754 | Swamp:3  | Received a gift from Yredelemnul (a ghoul)
 34061 | Swamp:4  | Entered Level 4 of the Swamp
 34067 | Swamp:4  | Received a gift from Yredelemnul (a phantasmal warrior)
 34398 | Swamp:4  | Reached skill level 15 in Shields
 34606 | Swamp:4  | Received a gift from Yredelemnul (a flayed ghost)
 34758 | Swamp:4  | Received a gift from Yredelemnul (a flayed ghost)
 34777 | Swamp:4  | Noticed Louise
 34785 | Swamp:4  | Killed Louise
 34841 | Swamp:4  | Received a gift from Yredelemnul (a skeletal warrior)
 35172 | Swamp:4  | Noticed Aizul
 35181 | Swamp:4  | Killed Aizul
 35737 | Swamp:4  | Got a decaying rune of Zot
 35890 | D:11     | Received a gift from Yredelemnul (a phantasmal warrior)
 35990 | D:11     | Received a gift from Yredelemnul (a phantasmal warrior)
 36162 | D:11     | Received a gift from Yredelemnul (a profane servitor)
 36491 | D:12     | Received a gift from Yredelemnul (a ghoul)
 36637 | D:12     | Received a gift from Yredelemnul (a vampire)
 37172 | D:13     | Received a gift from Yredelemnul (a ghoul)
 37607 | D:13     | Found a gate to the Vaults.
 37781 | D:13     | Noticed Erolcha
 37787 | D:13     | Killed Erolcha
 38147 | D:14     | Reached XP level 18. HP: 132/173 MP: 31/31
 38148 | D:14     | Received a gift from Yredelemnul (a skeletal warrior)
 38154 | D:14     | Reached skill level 16 in Shields
 38305 | D:14     | Received a gift from Yredelemnul (a vampire)
 38423 | D:15     | Entered Level 15 of the Dungeon
 38436 | D:15     | Found a staircase to the Depths.
 38615 | D:15     | Received a gift from Yredelemnul (a bone dragon)
 39235 | Orc:2    | Bought gold dragon scales for 2640 gold pieces
 39423 | D:13     | Upgraded the game from 0.24-a0-368-g0e0cebd0f3 to
                  | 0.24-a0-373-g39439d866b
 39424 | Vaults:1 | Entered Level 1 of the Vaults
 39447 | Vaults:1 | Received a gift from Yredelemnul (a phantasmal warrior)
 39683 | Vaults:1 | Reached skill level 1 in Dodging
 39790 | Vaults:1 | Received a gift from Yredelemnul (a ghoul)
 39952 | Vaults:1 | Found Cenarhor's Antique Weapon Emporium.
 40073 | Vaults:1 | Found a runed translucent gate.
 40073 | Vaults:1 | Found a runed translucent gate.
 40073 | Vaults:1 | Found a runed translucent gate.
 40074 | Vaults:1 | Noticed mhoghedin's ghost (adept DrWn)
 40137 | Vaults:1 | Cast into level 2 of the Abyss (a deep elf sorcerer)
 40173 | Vaults:1 | Escaped the Abyss
 40192 | Vaults:1 | Received a gift from Yredelemnul (a vampire)
 40200 | Vaults:1 | Found Dierr's Antique Armour Shoppe.
 40203 | Vaults:1 | Found Vin Gaap's Assorted Antiques.
 40203 | Vaults:1 | Found Jyrrot's Armour Shoppe.
 40207 | Vaults:1 | Reached skill level 17 in Shields
 40752 | Vaults:1 | Received a gift from Yredelemnul (a vampire knight)
 41207 | Vaults:1 | Received a gift from Yredelemnul (a vampire)
 41759 | Vaults:2 | Received a gift from Yredelemnul (a vampire knight)
 41901 | Vaults:2 | Noticed Nikola
 41916 | Vaults:2 | Reached XP level 19. HP: 142/183 MP: 26/32
 41923 | Vaults:2 | Killed Nikola
 42297 | Vaults:2 | Found Careotz's Weapon Emporium.
 42348 | Vaults:2 | Received a gift from Yredelemnul (a ghoul)
 42464 | Vaults:2 | Found a runed translucent door.
 42464 | Vaults:2 | Noticed Qenoimudgh's ghost (adept FeMo)
 42729 | Vaults:2 | Noticed Boris
 42740 | Vaults:2 | Killed Boris
 42845 | Vaults:2 | Received a gift from Yredelemnul (a vampire)
 42947 | Vaults:2 | Reached skill level 18 in Shields
 43160 | Vaults:2 | Killed Qenoimudgh's ghost
 43264 | Vaults:3 | Got a pitted brass amulet
 43265 | Vaults:3 | Identified the amulet of Todeaxt {Acrobat Str-3 Dex+10
                  | Slay+3 Stlth-} (You found it on level 3 of the Vaults)
 43587 | Vaults:3 | You fall into a shaft and drop 1 floor!
 43598 | Vaults:4 | Received a gift from Yredelemnul (a flayed ghost)
 43630 | Vaults:4 | Found Puchot's Assorted Antiques.
 43673 | Vaults:4 | Reached skill level 5 in Dodging
 43885 | Vaults:4 | Received a gift from Yredelemnul (a vampire knight)
 43886 | Vaults:4 | Gained mutation: Your magical capacity is low. (-10% MP) [a
                  | neqoxec]
 44461 | Vaults:4 | Received a gift from Yredelemnul (a vampire)
 45422 | Vaults:3 | Reached skill level 19 in Shields
 45424 | Vaults:3 | Reached XP level 20. HP: 193/193 MP: 29/29
 45686 | Vaults:3 | Found a staircase to the Crypt.
 46364 | Depths:1 | Entered Level 1 of the Depths
 46885 | Depths:1 | Reached skill level 15 in Armour
 46963 | Depths:1 | Noticed Hyticse's ghost (veteran OpCK)
 46963 | Depths:1 | Noticed an ancient lich
 46981 | Depths:1 | Noticed Saint Roka
 46997 | Depths:1 | Killed Saint Roka
 47043 | Depths:1 | Found a one-way gate to the infinite horrors of the Abyss.
 47149 | Depths:1 | Found a runed translucent door.
 47164 | Depths:1 | Found a sparkling altar of Nemelex Xobeh.
 47184 | Depths:1 | Found a runed translucent door.
 47635 | Depths:1 | Found a gateway to Hell.
 48106 | Depths:2 | Noticed Boris
 48111 | Depths:2 | Received a gift from Yredelemnul (a vampire)
 48124 | Depths:2 | Killed Boris
 48124 | Depths:2 | Reached skill level 20 in Shields
 48409 | Depths:2 | Identified the +0 faerie dragon scales {rC- rN+++ rCorr
                  | Int+4 Dex-5}
 48409 | Depths:2 | Noticed the Enchantress
 48428 | Depths:2 | Paralysed by a floating eye for 2 turns
 48444 | Depths:2 | Killed the Enchantress
 48447 | Depths:2 | Noticed a juggernaut
 48449 | Depths:2 | Paralysed by a floating eye for 4 turns
 48460 | Depths:2 | Received a gift from Yredelemnul (a flayed ghost)
 48461 | Depths:2 | Killed a juggernaut
 48988 | Depths:2 | Received a gift from Yredelemnul (a skeletal warrior)
 49088 | Depths:2 | Noticed Asterion
 49108 | Depths:2 | Killed Asterion
 49108 | Depths:2 | Enslaved Asterion
 49109 | Depths:2 | Found a gateway to a bazaar.
 49397 | Depths:2 | Found Syoseis's Gadget Boutique.
 49397 | Depths:2 | Found Memeowu's Jewellery Shoppe.
 49398 | Depths:2 | Found Gumic's Jewellery Shoppe.
 49524 | Depths:3 | Reached XP level 21. HP: 185/204 MP: 30/30
 49529 | Depths:3 | Received a gift from Yredelemnul (a vampire)
 49576 | Depths:3 | Found a one-way gate leading to the halls of Pandemonium.
 49674 | Depths:3 | Received a gift from Yredelemnul (a phantasmal warrior)
 49695 | Depths:3 | Received a gift from Yredelemnul (a vampire)
 49784 | Depths:3 | Found a flickering gateway to a bazaar.
 49799 | Bazaar   | Entered a bazaar
 49804 | Bazaar   | Found Feuzi's Antique Armour Shop.
 49839 | Bazaar   | Found Sekhlaptoal's Jewellery Shop.
 50137 | Depths:3 | Noticed a caustic shrike
 50143 | Depths:3 | Killed a caustic shrike
 50185 | Depths:3 | Noticed a caustic shrike
 50198 | Depths:3 | Killed a caustic shrike
 50198 | Depths:3 | Reached skill level 21 in Shields
 50202 | Depths:3 | Your ally Asterion died
 50244 | Depths:3 | Received a gift from Yredelemnul (a bone dragon)
 50641 | Depths:3 | Got a vibrating ruby amulet
 50676 | Depths:3 | Identified the amulet of Xom's Absentmindedness {Inacc
                  | rPois rF+ rC- Dex+9} (You found it on level 3 of the
                  | Depths)
 51261 | Depths:4 | Received a gift from Yredelemnul (a skeletal warrior)
 51331 | Depths:4 | Found a gateway to a ziggurat.
 51374 | Depths:4 | You fall into a shaft and drop 1 floor!
 51374 | Depths:5 | Entered Level 5 of the Depths
 51419 | Depths:5 | Received a gift from Yredelemnul (a flayed ghost)
 51849 | Depths:5 | Received a gift from Yredelemnul (a flayed ghost)
 51893 | Depths:5 | Noticed a juggernaut
 51901 | Depths:5 | Killed a juggernaut
 51934 | Depths:5 | Reached XP level 22. HP: 195/215 MP: 31/31
 52431 | Depths:5 | Cast into level 4 of the Abyss (a lich)
 52662 | Abyss:4  | Reached skill level 22 in Shields
 52662 | Abyss:4  | Received a gift from Yredelemnul (a ghoul)
 53052 | Abyss:4  | HP: 3/215 [lich/bolt of acid (27)]
 53052 | Abyss:4  | Splashed by a lich's acid

Levels and vault maps discovered:
D:1:      roderic_crop_circles_arrival_small, layout_basic,
          minmay_misc_feat_rows
D:2:      layout_basic
D:3:      layout_basic, portal_sewer_entry_b
D:4:      layout_loops_ring, minmay_temple_entry_fiery, serial_shops,
          nicolae_shop_crystal, shop,
          nicolae_shop_temple_entry_statues_fountains,
          nicolae_shop_overgrown_old_shop
D:5:      layout_layer_cave, first_ration, gammafunk_ghost_cemetery
D:6:      layout_basic, nicolae_ossuary_entry_catacombs,
          nicolae_qazlal_eye_of_the_storm
D:7:      layout_basic, fedhas_altar_2, the_bakery, uniq_crazy_yiuf_cottage
D:8:      layout_loops_cross, minmay_guarded_unrand_finisher
D:9:      layout_rooms, david_orc_2, trog_hazing_becter
D:10:     layout_basic, grunt_lair_entry_orc_guard_hut, serial_shops,
          kennysheep_mini_moat, lemuel_angel_altar
D:11:     layout_cave_pools, minmay_increasing_density
D:12:     lemuel_slime, layout_irregular_city, st_stairs_3,
          minmay_misc_feat_doors
D:13:     layout_stronghold, david_vaults_2, uniq_erolcha
D:14:     layout_rooms, kennysheep_nub
D:15:     gammafunk_depths_entry_grave, layout_long_grid, minivault_11,
          ebering_dispersal_statue_hall
Temple:   nicolae_temple_the_god_donut
Lair:1:   layout_roguey, small_statue_intersection, beast_lair_carwin_4
Lair:2:   layout_chaotic_city, chequers_serial_rivers_micro_a,
          chequers_serial_rivers_marsh, infiniplex_staircase_pool_2
Lair:3:   layout_small_grid, minmay_swamp_entry_reptiles, uniq_gastronok
Lair:4:   layout_gridlike, minmay_snake_entry_guardpost_medium, enter_volcano_2,
          grunt_megastairs_1
Lair:5:   minmay_guarded_unrand_snakebite, layout_hall_layers
Lair:6:   grunt_lair_end_beastmaster, layout_long_grid, minmay_slime_entry_eyes,
          serial_bayou_crossing, uniq_nessos, uniq_urug
Swamp:1:  layout_basic_swamp, evilmike_swamp_ruin_house_1
Swamp:2:  layout_falls_marsh, nicolae_swamp_fairy_circle
Swamp:3:  layout_basic_swamp, hangedman_swamp_lotus
Swamp:4:  swamp_fiery, layout_basic_swamp, swamp_pool4, serial_swamp_ruin,
          evilmike_swamp_ruin_house_5, evilmike_swamp_ruin_rubble_1,
          nicolae_swamp_round_clearing, uniq_louise, uniq_aizul
Snake:1:  layout_onion, serial_shops, nicolae_shop_waterfront, st_stairs_5,
          grunt_ministairs_10
Snake:2:  layout_misc_corridors, basic_altar, grunt_ministairs_9
Snake:3:  layout_onion, portal_ice_cave_entry_ice_statue_two, uniq_vashnia
Snake:4:  grunt_snake_rune_serpentine_throne, layout_layer_cave, special_room,
          nrook_loot_triangle, uniq_donald
Orc:1:    layout_caves, basic_altar, serial_shops, shop, mines_bat_river,
          uniq_jorgrun, uniq_harold
Orc:2:    grunt_orc_community_town_hall, layout_diamond_mine,
          grunt_orc_community_big_house_2, grunt_orc_community_big_house_1,
          grunt_orc_community_house_1, grunt_orc_community_house_3,
          grunt_orc_community_house_2, grunt_orc_community_house_1,
          serial_shops, shop_fountains
Vaults:1: gammafunk_vaults_ghost_spectres, hangedman_vaults_hard_town_square,
          ontoclasm_vaults_fault, grunt_vaults_diagonal,
          nicolae_vaults_network_square, v_misc_22, vaults_room_boxed,
          vaults_room_door_ring, v_rooms_3, nicolae_vaults_network_star,
          v_misc_14, nicolae_vaults_yaktaur_gun_rack, vaults_dpeg_hooks,
          nicolae_vaults_sealed_display, layout_vaults_omnibox, serial_shops,
          nicolae_shop_temple_entry_statues_fountains
Vaults:2: ebering_vaults_ghost_inner_flame, nicolae_vaults_puzzle_piece,
          nicolae_vaults_shelves_hall, grunt_vaults_focal, vaults_dpeg_diagonal,
          v_misc_17, hangedman_vaults_stitches, ontoclasm_vaults_pinch,
          nicolae_vaults_windows_and_doors_thing,
          nicolae_vaults_little_squares_4, nicolae_vaults_little_squares_2,
          ontoclasm_vaults_chip, nicolae_vaults_ring_of_whatevers,
          layout_vaults_omnigrid, serial_shops, shop_statue, uniq_nikola,
          uniq_boris
Vaults:3: v_misc_23, nicolae_vaults_meeting, v_misc_19, v_misc_22,
          nicolae_vaults_twisting_passages, hangedman_vaults_nails,
          minmay_crypt_entry_simple_sparse, v_misc_3, ontoclasm_vaults_chip,
          nicolae_vaults_little_squares_1, v_misc_9,
          nicolae_vaults_angled_halls, layout_vaults_chaotic_city
Vaults:4: hangedman_vaults_corner_blocks, dpeg_vaults_monster_row,
          ontoclasm_vaults_loading_screen, grunt_vaults_hallway_long,
          vaults_room_corners, v_alt_pattern_6, nicolae_vaults_ninety_degrees,
          nicolae_vaults_c_with_doors, vaults_room_stairs_pillars,
          hangedman_vaults_nails, ontoclasm_vaults_loading_screen,
          nicolae_vaults_what_the_h, nicolae_vaults_little_squares_5,
          vaults_room_pool, layout_vaults_maze_bifur, serial_shops, shop
Depths:1: layout_basic, minmay_misc_feat_more_columns,
          muffindrake_ghost_dual_entry, abyss_entry, grunt_hell_entry_dis_mu,
          minivault_1, nemelex_diamond_rough_becter, uniq_saint_roka
Depths:2: nooodl_glass_maze, layout_basic, serial_shops, bzr_in_the_mist,
          hell_entry, abyss_entry_crystal, infiniplex_staircase_zigzag_5,
          minmay_shop_grove, uniq_asterion, uniq_enchantress
Depths:3: lemuel_traditional_vault, layout_twisted_cross, serial_shops,
          bzr_entry_lakeside, nicolae_abyss_entry_one_way_or_another,
          minmay_fountain_box, rand_demon_pan_entry_5, hell_entry
Depths:4: lemuel_river_lethe, abyss_entry, hell_entry
Depths:5: evilmike_zot_entry_round, layout_basic, hangedman_decor_lopped,
          abyss_entry_small_statue_room, hangedman_geh_valley
Abyss:4

Skill      XL: |  1  2  3  4  5  6  7  8  9 10 11 12 13 14 15 16 17 18 19 20 21 22 |
---------------+-------------------------------------------------------------------+-----
Axes           | 3 4 5 7 9 11 13 15 16 18 | 18.0
Fighting       | 4 5 6 8 9 10 11 13 15 16 17 18 19 20 21 | 21.9
Armour         | 4 5 7 9 11 12 13 14 15 16 | 16.9
Invocations    | 1 5 8 10 12 14 15 16 17 18 | 18.0
Shields        | 5 9 11 13 15 17 19 20 21 22 | 22.0
Dodging        | 3 5 |  5.0

Action                   |  1- 3 |  4- 6 |  7- 9 | 10-12 | 13-15 | 16-18 | 19-21 | 22-24 || total
-------------------------+-------+-------+-------+-------+-------+-------+-------+-------++-------
Melee: War axe           |   118 |   232 |   550 |   618 |   221 |       |       |       ||  1739
       Broad axe         |       |       |       |       |   704 |  1160 |   927 |   127 ||  2918
Invok: Animate Remains   |       |       |     3 |       |       |       |       |       ||     3
       Animate Dead      |       |       |     1 |    37 |    46 |    41 |    15 |     1 ||   141
       Recall Undead Sla |       |       |       |     1 |     5 |     7 |     8 |     1 ||    22
       Drain Life        |       |       |       |     1 |     5 |     6 |     6 |       ||    18
       Enslave Soul      |       |       |       |       |       |       |     3 |       ||     3
Evoke: Wand              |       |       |     1 |     6 |     6 |       |       |       ||    13
  Use: Scroll            |       |    10 |     9 |     9 |     7 |    10 |     6 |     7 ||    58
       Potion            |       |     1 |     5 |     2 |     8 |     2 |     5 |     2 ||    25
 Stab: Distracted        |       |       |     1 |     3 |    21 |    18 |    28 |       ||    71
       Petrified         |       |       |       |       |    22 |       |       |       ||    22
       Petrifying        |       |       |       |       |     2 |       |       |       ||     2
       Paralysed         |       |       |       |       |       |     2 |     1 |       ||     3
       Invisible         |       |       |       |       |       |       |       |     2 ||     2
  Eat: Chunk             |     2 |     7 |     5 |     8 |    31 |    63 |    18 |     1 ||   135
       Ration            |       |       |     6 |    11 |     6 |     5 |     6 |     1 ||    35
Armor: Scale mail        |    54 |   129 |    97 |       |       |       |       |       ||   280
       Chain mail        |       |       |    79 |       |       |       |       |       ||    79
       Plate armour      |       |       |    18 |   258 |   308 |   353 |       |       ||   937
       Gold dragon scale |       |       |       |       |       |    97 |   297 |    40 ||   434
Dodge: Dodged            |    35 |    71 |    93 |    82 |   240 |   267 |   196 |    40 ||  1024
Block: Shield            |    75 |   125 |   186 |   272 |   540 |   160 |       |       ||  1358
       Large shield      |       |       |       |       |       |   869 |   853 |   152 ||  1874

Table legend:
 A = Non-vault XP
 B = Vault XP
 C = Vault XP percentage of total XP
 D = Non-vault monster count
 E = Vault monster count
 F = Vault count percentage of total count
                 A         B        C        D         E       F
            +---------+---------+-------+---------+---------+-------
      Total |  362545 |  246538 |  40.5 |    1254 |     618 |  33.0
            +---------+---------+-------+---------+---------+-------
        D:1 |      30 |       0 |   0.0 |      19 |       0 |   0.0
        D:2 |     233 |       0 |   0.0 |      31 |       0 |   0.0
        D:3 |     105 |      43 |  29.1 |      27 |       7 |  20.6
        D:4 |     513 |       0 |   0.0 |      27 |       0 |   0.0
        D:5 |     438 |       0 |   0.0 |      11 |       0 |   0.0
        D:6 |     817 |     262 |  24.3 |      24 |       6 |  20.0
        D:7 |    1063 |     163 |  13.3 |      26 |       1 |   3.7
        D:8 |    1168 |     416 |  26.3 |      20 |       2 |   9.1
        D:9 |    4961 |    3143 |  38.8 |      56 |      16 |  22.2
       D:10 |    1847 |     455 |  19.8 |      23 |       4 |  14.8
       D:11 |    4182 |     785 |  15.8 |      40 |       8 |  16.7
       D:12 |    2397 |     673 |  21.9 |      20 |      25 |  55.6
       D:13 |    3828 |    1756 |  31.4 |      24 |       4 |  14.3
       D:14 |    5594 |       0 |   0.0 |      27 |       0 |   0.0
       D:15 |    5912 |    2977 |  33.5 |      33 |       8 |  19.5
     Lair:1 |    3015 |     777 |  20.5 |      15 |       5 |  25.0
     Lair:2 |    2830 |       0 |   0.0 |      13 |       0 |   0.0
     Lair:3 |    3178 |    2449 |  43.5 |      12 |       5 |  29.4
     Lair:4 |    8489 |    2073 |  19.6 |      41 |       9 |  18.0
     Lair:5 |    3464 |    1856 |  34.9 |      18 |      10 |  35.7
     Lair:6 |   10158 |    8780 |  46.4 |      47 |      19 |  28.8
    Swamp:1 |    8474 |       0 |   0.0 |      23 |       0 |   0.0
    Swamp:2 |   10111 |       0 |   0.0 |      35 |       0 |   0.0
    Swamp:3 |    8529 |       0 |   0.0 |      23 |       0 |   0.0
    Swamp:4 |   11802 |   10861 |  47.9 |      40 |      32 |  44.4
    Snake:1 |   13165 |    1239 |   8.6 |      34 |       4 |  10.5
    Snake:2 |   13054 |     567 |   4.2 |      33 |       2 |   5.7
    Snake:3 |    9887 |    4945 |  33.3 |      28 |       5 |  15.2
    Snake:4 |   25141 |   35166 |  58.3 |      57 |      66 |  53.7
      Orc:1 |     951 |     984 |  50.9 |      23 |       8 |  25.8
      Orc:2 |    4214 |    6179 |  59.5 |      35 |      67 |  65.7
   Vaults:1 |   33082 |   19414 |  37.0 |      86 |      42 |  32.8
   Vaults:2 |   12742 |   24526 |  65.8 |      34 |      33 |  49.3
   Vaults:3 |    8109 |   18612 |  69.7 |      18 |      35 |  66.0
   Vaults:4 |   14140 |   26911 |  65.6 |      36 |      42 |  53.8
   Depths:1 |   27022 |    2986 |  10.0 |      45 |      12 |  21.1
   Depths:2 |   32016 |   11167 |  25.9 |      52 |      16 |  23.5
   Depths:3 |   25413 |   35418 |  58.2 |      47 |      32 |  40.5
   Depths:4 |       0 |   19371 | 100.0 |       0 |      43 | 100.0
   Depths:5 |   30819 |       0 |   0.0 |      28 |       0 |   0.0
    Abyss:4 |    9652 |    1125 |  10.4 |      23 |       5 |  17.9
      Sewer |       0 |     152 | 100.0 |       0 |       6 | 100.0
    Ossuary |       0 |     307 | 100.0 |       0 |      39 | 100.0
            +---------+---------+-------+---------+---------+-------
